[Event "Early-Titled-Tuesday-Blitz-February-27-2024"]
[Site "Chess.com"]
[Date "2024.02.27"]
[Round "2"]
[White "bazar-wokzal"]
[Black "martinmena"]
[Result "1-0"]
[WhiteElo "2679"]
[BlackElo "2234"]
[TimeControl "180+1"]
[EndTime "8:17:24 PST"]
[Termination "bazar-wokzal won by resignation"]

1. e4 c6 2. d4 d5 3. f3 e6 4. Nc3 Bb4 5. Bf4 Nf6 6. e5 Nfd7 7. a3 Bxc3+ 8. bxc3 c5 9. h4 Nc6 10. Qd2 Qa5 11.
Be3 cxd4 12. cxd4 Qxd2+ 13. Kxd2 a6 14. a4 Na5 15. Nh3 Nb6 16. Nf4 Nbc4+ 17. Bxc4 Nxc4+ 18. Ke2 b6 19. h5 Bd7 20. h6 g6 21. Nh3 Nxe3 22. Kxe3 Ke7 23. Rhb1 Rab8 24. Ng5 f6 25.
exf6+ Kxf6 26. f4 Rhc8 27. Kd2 Rc4 28. c3 Bxa4 29. Nxh7+ Kf5 30. Ng5 b5 31. Rh1 Rh8 32. h7 Rc7 33. Rae1 Re7 34. Re5+ Kf6 35. Rhe1 Rhxh7 36. Rxe6+ Rxe6 37. Rxe6+ Kf5 38. Re5+ Kxf4 39. Nxh7 a5 40. Nf6 b4 41. Nxd5+ Kg4 42. cxb4 Bb3 43. bxa5 1-0

[Event "Early-Titled-Tuesday-Blitz-February-27-2024"]
[Site "Chess.com"]
[Date "2024.02.27"]
[Round "2"]
[White "SlavenPastar"]
[Black "rezamahdavi2008"]
[Result "0-1"]
[WhiteElo "2601"]
[BlackElo "2896"]
[TimeControl "180+1"]
[EndTime "8:17:25 PST"]
[Termination "rezamahdavi2008 won by resignation"]

1. b3 Nf6 2. Bb2 g6 3. Nf3 Bg7 4. g3 b6 5. Bg2 Bb7 6. d4 O-O 7. c4 e6 8. Nc3 Qe7 9. O-O d6 10. Qc2 c5 11. Rad1 Nc6 12. a3 Rfd8 13. d5 exd5 14.
cxd5 Ne5 15. Nxe5 Qxe5 16. Ne4 Qe7 17. Nxf6+ Bxf6 18. Bxf6 Qxf6 19. e4 b5 20. f4 Rac8 21. Rfe1 Re8 22. Qe2 c4 23. bxc4 bxc4 24. e5 Qd8 25. e6 c3 26. Bh3 f5 27. Qb5 Re7 28.
Bg2 c2 29. Rc1 Rc5 30. Qb3 Qa5 31. Re2 Rc3 32. Qb4 Qc7 33. Qb2 Qc5+ 34. Rf2 Rc7 35. Qb4 Qe3 36. Qb2 Rb3 37. Qa1 Rb1 38. Rxb1 cxb1=Q+ 39. Qxb1 Rc1+ 40. Qxc1 Qxc1+ 41. Rf1 Qc5+ 42. Kh1 Bxd5 43. e7 Kf7 44. Re1 Ke8 45. Bxd5 Qxd5+ 46. Kg1 Qc5+ 0-1

[Event "Early-Titled-Tuesday-Blitz-February-27-2024"]
[Site "Chess.com"]
[Date "2024.02.27"]
[Round "2"]
[White "IlanSchnaider"]
[Black "killer_dreams"]
[Result "1-0"]
[WhiteElo "2744"]
[BlackElo "2497"]
[TimeControl "180+1"]
[EndTime "8:17:25 PST"]
[Termination "IlanSchnaider won on time"]

1. e4 c5 2. Nf3 d6 3. d4 cxd4 4. Nxd4 Nf6 5. Nc3 a6 6. Be3 e5 7. Nb3 Be7 8. h3 Be6 9. Qd2 Nbd7 10. g4 Rc8 11. g5 Nh5 12. Be2 Nf4 13. Bxf4 exf4 14.
h4 Ne5 15. Qxf4 h6 16. O-O-O hxg5 17. hxg5 Rxh1 18. Rxh1 Ng6 19. Qg3 Bxg5+ 20. Kb1 Bf4 21. Qg2 Qf6 22. Bg4 Be5 23. Bxe6 fxe6 24. Nd1 Kf7 25. c3 b5 26. Ne3 Nf4 27. Qf3 Nd3 28.
Qh5+ Ke7 29. Qe2 Nf4 30. Qe1 Rf8 31. Rf1 Nd3 32. Qd2 Nxf2 33. Qc2 Qf3 34. Nd1 Bg3 35.
Nd4 Qf4 36. Ne2 Qxe4 37. Nxg3 1-0

[Event "Early-Titled-Tuesday-Blitz-February-27-2024"]
[Site "Chess.com"]
[Date "2024.02.27"]
[Round "2"]
[White "anasta10"]
[Black "Iuckyducky"]
[Result "1-0"]
[WhiteElo "2539"]
[BlackElo "2310"]
[TimeControl "180+1"]
[EndTime "8:17:25 PST"]
[Termination "anasta10 won by resignation"]

1. Nf3 Nf6 2. c4 e6 3. Nc3 d5 4. d4 dxc4 5. Bg5 Be7 6. e3 h6 7. Bh4 O-O 8. Bxc4 c5 9. O-O Nc6 10. dxc5 Bxc5 11. Qxd8 Rxd8 12. Rac1 g5 13. Bg3 a6 14. h4 g4 15. Ne5 Nxe5 16. Bxe5 Be7 17. Rfd1 b5 18. Be2 Bb7 19. Bc7 Rxd1+ 20. Rxd1 Nd5 21.
Be5 Bxh4 22. Bxg4 Rd8 23. Ne2 Kf8 24. Bf3 Bc8 25. a3 Nb6 26. Bd4 Nc4 27. Rc1 Nd2 28.
Bh5 Ne4 29. g3 Be7 30. Rc7 Ke8 31. Nc3 Ng5 32. f4 Bd6 33. Ra7 Bb8 34. Ra8 Nh3+ 35.
Kh2 e5 36. fxe5 Bc7 37. Rxc8 Rxc8 38. Kxh3 a5 39. e6 b4 40. Bxf7+ Ke7 41. Bc5+ Kf6 42. axb4 axb4 43. Nd5+ Ke5 44. Nxc7 Rxc7 45. e7 1-0

[Event "Early-Titled-Tuesday-Blitz-February-27-2024"]
[Site "Chess.com"]
[Date "2024.02.27"]
[Round "2"]
[White "doctorcristian"]
[Black "Kazancev_Valerij_M"]
[Result "1-0"]
[WhiteElo "2596"]
[BlackElo "2369"]
[TimeControl "180+1"]
[EndTime "8:17:26 PST"]
[Termination "doctorcristian won on time"]

1. d4 g6 2. e4 Bg7 3. Nc3 e6 4. Be3 Ne7 5. Qd2 h6 6. O-O-O a6 7. h4 d5 8. h5 g5 9. f4 g4 10. f5 exf5 11. exd5 Nxd5 12. Nxd5 Qxd5 13. c4 Qd8 14.
Ne2 Nc6 15. g3 Qf6 16. Bg2 O-O 17. d5 Ne5 18. Bd4 Bd7 19. Nf4 Rae8 20. Qc3 Qg5 21.
c5 Bb5 22. Kb1 Nd7 23. d6 c6 24. b3 Bxd4 25. Qxd4 Qf6 26. Qxf6 Nxf6 27. Rd2 a5 28. a4 Ba6 29. d7 Rd8 30. Rhd1 Kg7 31. Kb2 Ne4 32. Bxe4 fxe4 33. Rd6 e3 34. Re1 e2 35. Nxe2 Bd3 36. Nd4 1-0

[Event "Early-Titled-Tuesday-Blitz-February-27-2024"]
[Site "Chess.com"]
[Date "2024.02.27"]
[Round "2"]
[White "Jamal-Jamal-Jamal"]
[Black "JonSnowNW1"]
[Result "0-1"]
[WhiteElo "2268"]
[BlackElo "2518"]
[TimeControl "180+1"]
[EndTime "8:17:26 PST"]
[Termination "JonSnowNW1 won by checkmate"]

1. e4 c5 2. Nf3 d6 3. d4 cxd4 4. Qxd4 a6 5. c4 Nc6 6. Qe3 Nf6 7. h3 g6 8. Be2 Bg7 9. O-O O-O 10. Rd1 Nd7 11. Nc3 Nc5 12. Rb1 a5 13. Nd5 e6 14.
Nc3 Qe7 15. Nb5 Rd8 16. b3 Qf8 17. Bb2 Bh6 18. Qc3 e5 19. Nd2 Ne6 20. Bg4 Ned4 21. Qd3 Bxg4 22. hxg4 Nb4 23. Qf1 Nxb5 24. cxb5 Nxa2 25.
Nc4 a4 26. bxa4 Rxa4 27. Rd5 Rb4 28. Ba3 Rxb1 29. Qxb1 Nc3 30. Qd3 Nxd5 31. Qxd5 Bf4 32. Bxd6 Qh6 33. Nxe5 Qh2+ 34. Kf1 Rxd6 35. Qxd6 Bxe5 36.
Qd7 Kg7 37. Qxb7 Qf4 38. Qd5 Qc1+ 39. Ke2 Qb2+ 40. Kd3 Qc3+ 41. Ke2 Bd4 42. b6 Qc2+ 43. Kf3 Qxf2# 0-1

[Event "Early-Titled-Tuesday-Blitz-February-27-2024"]
[Site "Chess.com"]
[Date "2024.02.27"]
[Round "2"]
[White "Pikku_Myy73"]
[Black "Tashik"]
[Result "1-0"]
[WhiteElo "2271"]
[BlackElo "2497"]
[TimeControl "180+1"]
[EndTime "8:17:26 PST"]
[Termination "Pikku_Myy73 won on time"]

1. d4 Nf6 2. c4 e6 3. Nf3 d5 4. g3 Bb4+ 5. Bd2 Be7 6. Bg2 O-O 7. O-O Ne4 8. Qc2 Nd7 9. Nc3 Nxd2 10. Nxd2 c6 11. e4 dxc4 12. Nxc4 b5 13. Nd2 Nb6 14. Nf3 Bb7 15. Rfd1 Rc8 16. Qe2 b4 17. Nb1 Qc7 18.
Nbd2 c5 19. Rac1 Qb8 20. dxc5 Bxc5 21. e5 Qa8 22. Nh4 Bxg2 23. Nxg2 Nd5 24. Ne4 Be7 25. Qg4 Rxc1 26. Rxc1 Rc8 27. Rd1 Rd8 28. Rc1 Qb8 29. Qh5 g6 30. Qf3 Qxe5 31. Re1 Qxb2 32. h4 h5 33. Nf4 Nc3 34. Ng5 Bxg5 35. hxg5 Qc2 36. Nxe6 1-0

[Event "Early-Titled-Tuesday-Blitz-February-27-2024"]
[Site "Chess.com"]
[Date "2024.02.27"]
[Round "2"]
[White "laziestwin"]
[Black "Chessdude1987"]
[Result "1-0"]
[WhiteElo "2556"]
[BlackElo "2341"]
[TimeControl "180+1"]
[EndTime "8:17:27 PST"]
[Termination "laziestwin won on time"]

1. d4 e6 2. c4 f5 3. Nc3 Nf6 4. Nf3 Bb4 5. g3 O-O 6. Bg2 Bxc3+ 7. bxc3 d6 8. O-O Qe7 9. Rb1 e5 10. dxe5 dxe5 11. Qb3 c5 12. Rd1 Nc6 13. Be3 Rb8 14. Qb5 Nd7 15. Rd5 a6 16. Bxc5 axb5 17. Bxe7 Nxe7 18.
Rdxb5 Nc6 19. Ng5 Rf6 20. Bd5+ Kh8 21. Nf7+ Rxf7 22. Bxf7 Nd8 23. Bd5 Nf6 24. f4 e4 25.
a4 g6 26. Rc5 Bd7 27. a5 Rc8 28. Rxc8 Bxc8 29. Rb6 Nd7 30. Rd6 Kg7 31. c5 Kf8 32. c6 bxc6 33. Bxc6 Ke7 34. Bxd7 Bxd7 35. Rb6 Bc6 36.
a6 Kd7 37. a7 Kc7 38. Rxc6+ Nxc6 39. a8=Q 1-0

[Event "Early-Titled-Tuesday-Blitz-February-27-2024"]
[Site "Chess.com"]
[Date "2024.02.27"]
[Round "2"]
[White "mestrefeitosa19"]
[Black "PedroGil25"]
[Result "0-1"]
[WhiteElo "2252"]
[BlackElo "2517"]
[TimeControl "180+1"]
[EndTime "8:17:27 PST"]
[Termination "PedroGil25 won by checkmate"]

1. c4 e5 2. Nc3 Nc6 3. Nf3 Nf6 4. e3 Bb4 5. d4 exd4 6. exd4 O-O 7. Be2 d5 8. O-O dxc4 9. Bxc4 h6 10. a3 Bd6 11. h3 a6 12. Re1 b5 13. Ba2 Bb7 14. Qd3 Ne7 15. Ne5 c5 16. dxc5 Bxc5 17. Qg3 Nf5 18.
Qf4 Nd4 19. Be3 Ne6 20. Bxe6 Bxe3 21. Rxe3 fxe6 22. Rd1 Nd5 23. Qg3 Qc7 24. Nxd5 Bxd5 25.
Qg4 Rad8 26. Rde1 Rf6 27. Qh4 Rdf8 28. Ng4 Rf4 29. Qg3 Qc2 30. Nxh6+ Kh7 31. Ng4 Qxb2 32.
R3e2 Qb3 33. Re5 Qxg3 34. Rh5+ Kg8 35. fxg3 R4f5 36. Rxf5 exf5 37. Ne3 Be6 38. Nc2 Kf7 39. Nb4 a5 40. Nc6 a4 41. Ne5+ Kf6 42. Kf2 Rc8 43.
Re3 Rc2+ 44. Kf3 Bd5+ 45. Kf4 g5# 0-1

[Event "Early-Titled-Tuesday-Blitz-February-27-2024"]
[Site "Chess.com"]
[Date "2024.02.27"]
[Round "2"]
[White "Alexchess1984"]
[Black "Russian_berezka"]
[Result "0-1"]
[WhiteElo "2768"]
[BlackElo "2563"]
[TimeControl "180+1"]
[EndTime "8:17:28 PST"]
[Termination "Russian_berezka won on time"]

1. e4 c5 2. c3 d5 3. exd5 Nf6 4. d4 Nxd5 5. Nf3 cxd4 6. cxd4 g6 7. Bc4 Bg7 8. O-O O-O 9. h3 Nc6 10. Bb3 Nb6 11. Be3 Na5 12. Nc3 Nxb3 13. axb3 Bf5 14.
d5 Qd7 15. Bd4 Rfd8 16. Bxg7 Kxg7 17. Qd4+ f6 18. Rfe1 e5 19. Rxe5 fxe5 20. Nxe5 Qe7 21. Ng4+ Kf7 22. Nh6+ Ke8 23. Ng8 Qf7 24. Re1+ Kf8 25.
Re7 Qxe7 26. Nxe7 Kxe7 27. Qg7+ Kd6 28. Nb5+ Kc5 29. Nc3 Nxd5 30. Nxd5 Kxd5 31. Qxb7+ Kd6 32. Qxh7 a5 33. Qh4 Ke6 34. Qc4+ Kf6 35. g4 Be6 36. Qf4+ Ke7 37. Qe5 Kf7 38. Qc7+ Rd7 39. Qf4+ Ke7 40. g5 Rf8 41. Qe5 Rd1+ 42. Kg2 Rf7 0-1

[Event "Early-Titled-Tuesday-Blitz-February-27-2024"]
[Site "Chess.com"]
[Date "2024.02.27"]
[Round "2"]
[White "regenda"]
[Black "Aygehovit1992"]
[Result "0-1"]
[WhiteElo "2263"]
[BlackElo "2681"]
[TimeControl "180+1"]
[EndTime "8:17:29 PST"]
[Termination "Aygehovit1992 won on time"]

1. Nf3 Nf6 2. g3 b5 3. Bg2 Bb7 4. O-O e6 5. d3 c5 6. e4 d6 7. Re1 Nbd7 8. Nc3 b4 9. Ne2 Qc7 10. Bf4 e5 11. Bd2 g6 12. c3 bxc3 13. bxc3 Bg7 14. Qc1 O-O 15. Bh6 Rae8 16. Rb1 Ba8 17. Bxg7 Kxg7 18. Qa3 c4 19. Nd2 cxd3 20. Nc1 Nc5 21.
Rb4 Nfd7 22. Re3 f5 23. exf5 Bxg2 24. Kxg2 Qc6+ 25. Kg1 e4 26. fxg6 hxg6 27. Ncb3 d5 28. Nd4 Qf6 29. f4 exf3 30. Rxf3 Qe5 31. Kg2 Qe1 32.
Rxf8 Rxf8 33. N2f3 Rxf3 34. Nxf3 Qe2+ 35. Kh3 Qxf3 36. Rf4 Qh5+ 37. Kg2 Qe2+ 38. Rf2 Qe4+ 39. Kg1 d2 40. Rxd2 Qe1+ 41. Kg2 Qxd2+ 42. Kh3 Kh6 43.
Qxa7 Ne4 0-1

[Event "Early-Titled-Tuesday-Blitz-February-27-2024"]
[Site "Chess.com"]
[Date "2024.02.27"]
[Round "2"]
[White "FoggyMorning"]
[Black "Andreikka"]
[Result "0-1"]
[WhiteElo "2615"]
[BlackElo "2949"]
[TimeControl "180+1"]
[EndTime "8:17:31 PST"]
[Termination "Andreikka won on time"]

1. e4 e5 2. Nf3 Nc6 3. Bc4 Bc5 4. c3 Nf6 5. d3 d6 6. h3 h6 7. Nbd2 a6 8. Bb3 Ba7 9. Nf1 O-O 10. Ng3 Re8 11.
O-O Be6 12. Be3 d5 13. Bxa7 Rxa7 14. exd5 Bxd5 15. Re1 Ra8 16. Ne4 Nh5 17. Bxd5 Qxd5 18.
Qb3 Qxb3 19. axb3 Nf4 20. Red1 a5 21. g3 Ne6 22. Ned2 b6 23. Kf1 Nc5 24. Ke2 Rad8 25. Ne1 f6 26. f3 Rd7 27. Ra3 f5 28. Nc4 Red8 29. Ne3 f4 30. gxf4 exf4 31. Nc4 Re7+ 32. Kf2 Rde8 33. d4 Nd7 34. Nd3 Re2+ 35. Kg1 g5 36. Raa1 Ne7 37. Re1 Nf5 38. Rxe2 Rxe2 39. Re1 Rc2 40. Re6 Nh4 0-1

[Event "Early-Titled-Tuesday-Blitz-February-27-2024"]
[Site "Chess.com"]
[Date "2024.02.27"]
[Round "2"]
[White "HamedWafa4"]
[Black "Ramla2020"]
[Result "1-0"]
[WhiteElo "2702"]
[BlackElo "2401"]
[TimeControl "180+1"]
[EndTime "8:17:31 PST"]
[Termination "HamedWafa4 won by checkmate"]

1. e4 e5 2. Nf3 d6 3. Nc3 Nd7 4. Bc4 c6 5. O-O Be7 6. a4 Ngf6 7. d3 O-O 8. Ne2 d5 9. exd5 cxd5 10. Ba2 Qc7 11. Ng3 Bd6 12. Nf5 Nb6 13. Nxd6 Qxd6 14. a5 Nbd7 15. Re1 h6 16. c4 dxc4 17. dxc4 Qc7 18. b4 b6 19. Bb3 bxa5 20. Rxa5 Bb7 21.
Nxe5 Nxe5 22. Raxe5 Rad8 23. Qe2 Rd4 24. Bb2 Rh4 25.
g3 Qc6 26. f3 Rh5 27. Rxh5 Nxh5 28. b5 Qc5+ 29. Qe3 Qb4 30. Qc3 Qc5+ 31. Qd4 Qb4 32. Qc3 Qc5+ 33. Qe3 Qb4 34. g4 Nf6 35. Bxf6 gxf6 36.
Bc2 Kg7 37. Bd3 Qc3 38. Rc1 Qa3 39. c5 Bxf3 40. c6 Qb2 41. Rc2 Qb1+ 42. Kf2 Bd1 43. Qe4 Rd8 44. Rd2 Qb3 45. Qh7+ Kf8 46. Qxh6+ Ke7 47. Qe3+ Kf8 48. c7 Rc8 49. Bf5 Qxe3+ 50. Kxe3 Rxc7 51. Rd8+ Kg7 52. Rxd1 Rc3+ 53. Kf4 Rc4+ 54.
Kg3 Rc3+ 55. Kh4 Rb3 56. Rd7 Rxb5 57. Rxa7 Rb2 58. h3 Re2 59. Kh5 Re3 60. h4 Re1 61. Bg6 Kh8 62. Rxf7 Re5+ 63. Kh6 Kg8 64. Rxf6 Re3 65. Bh7+ Kh8 66. Rf8# 1-0

[Event "Early-Titled-Tuesday-Blitz-February-27-2024"]
[Site "Chess.com"]
[Date "2024.02.27"]
[Round "2"]
[White "carloseduar100"]
[Black "rhungaski"]
[Result "1-0"]
[WhiteElo "2393"]
[BlackElo "2594"]
[TimeControl "180+1"]
[EndTime "8:17:31 PST"]
[Termination "carloseduar100 won on time"]

1. g3 g6 2. Bg2 Bg7 3. Nf3 d6 4.
O-O Nf6 5. d4 O-O 6. c3 Nc6 7.
Nbd2 e5 8. Re1 e4 9. Ng5 d5 10. c4 Ng4 11. cxd5 Nxf2 12. Kxf2 e3+ 13. Kg1 exd2 14. Qxd2 Nxd4 15. Nf3 Qxd5 16. Kh1 Qc5 17. Nxd4 Bxd4 18. b4 Qc3 19. Rb1 Bf5 20. Rb3 Qc4 21. e3 Bg7 22. Bxb7 Rad8 23. Qg2 Bc2 24. Ra3 Qxb4 25. Rf1 Rd6 26. Bd5 Bd3 27. Rxd3 Qb5 28. Rfd1 Rfd8 29. Ba3 R6d7 30. Qe4 Kh8 31. Bc4 Qa4 32.
Rxd7 Qxd1+ 33. Rxd1 Rxd1+ 34. Kg2 h5 35. Qe8+ Kh7 36.
Bxf7 Rd2+ 37. Kf3 1-0

[Event "Early-Titled-Tuesday-Blitz-February-27-2024"]
[Site "Chess.com"]
[Date "2024.02.27"]
[Round "2"]
[White "OneTrickPony_82"]
[Black "ValentinDragnev"]
[Result "1-0"]
[WhiteElo "2544"]
[BlackElo "2744"]
[TimeControl "180+1"]
[EndTime "8:17:32 PST"]
[Termination "OneTrickPony_82 won by checkmate"]

1. d4 Nf6 2. c4 g6 3. Nc3 Bg7 4. e4 d6 5. Nf3 O-O 6. Be2 Na6 7.
O-O c6 8. Bg5 h6 9. Be3 e5 10.
d5 Ng4 11. Bd2 c5 12. g3 f5 13. Nh4 Qe8 14. exf5 gxf5 15. Nxf5 Bxf5 16. Bxg4 Qd7 17. h3 Nb4 18. Ne4 Nd3 19. Rb1 Rae8 20. Bxf5 Rxf5 21. Be3 Nf4 22. Qg4 h5 23. Qd1 Nxh3+ 24. Kh2 Ref8 25.
Nxd6 Nxf2 26. Bxf2 Rxf2+ 27. Rxf2 Rxf2+ 28. Kg1 Rf8 29. Ne4 Bh6 30. Qxh5 Be3+ 31. Kg2 Qg7 32. Rf1 Rxf1 33. Kxf1 Bd4 34. Qe8+ Kh7 35. Qh5+ Kg8 36. b3 a6 37. Kg2 Kf8 38. Qf5+ Ke7 39. Qe6+ Kd8 40. Nd6 Qf8 41. Qc8+ Ke7 42. Nf5+ Kf7 43.
Qe6# 1-0

[Event "Early-Titled-Tuesday-Blitz-February-27-2024"]
[Site "Chess.com"]
[Date "2024.02.27"]
[Round "2"]
[White "Aslanov_Umid"]
[Black "sewlins"]
[Result "1-0"]
[WhiteElo "2667"]
[BlackElo "2160"]
[TimeControl "180+1"]
[EndTime "8:17:32 PST"]
[Termination "Aslanov_Umid won by checkmate"]

1. e4 c5 2. Nf3 d6 3. d4 cxd4 4. Nxd4 Nf6 5. Nc3 a6 6. Bc4 e6 7.
Bb3 Be7 8. g4 d5 9. exd5 Nxd5 10.
Nxd5 exd5 11. Be3 O-O 12. Qe2 Nc6 13. O-O-O Bf6 14. h4 Re8 15. Qf3 Ne5 16. Qg2 Nxg4 17. Bg5 Bxg5+ 18. hxg5 Qxg5+ 19. Kb1 Qf6 20. Qxd5 Re5 21.
Qg2 Bd7 22. Rhf1 Rb8 23. f4 Ree8 24. Qd2 Ne3 25. Rfe1 Nxd1 26. Rxd1 Bg4 27. Rg1 h5 28. f5 Rbd8 29. Qf4 Rxd4 30. Qc7 Rde4 31. Rc1 Qxf5 32.
Qc3 Re1 33. Rxe1 Rxe1+ 34. Qxe1 h4 35. Ka1 h3 36. c3 Qf3 37. Bc2 h2 38. Qe8# 1-0

[Event "Early-Titled-Tuesday-Blitz-February-27-2024"]
[Site "Chess.com"]
[Date "2024.02.27"]
[Round "2"]
[White "TheoSlade"]
[Black "maciek_92"]
[Result "0-1"]
[WhiteElo "2421"]
[BlackElo "2835"]
[TimeControl "180+1"]
[EndTime "8:17:32 PST"]
[Termination "maciek_92 won on time"]

1. d4 Nf6 2. c4 d6 3. Nf3 Nbd7 4. Nc3 e5 5. e4 Be7 6. Be2 O-O 7. O-O Re8 8. Re1 Bf8 9. Bf1 exd4 10. Nxd4 Nc5 11. f3 a5 12. Be3 c6 13. Qd2 d5 14.
exd5 cxd5 15. Bg5 Rxe1 16. Rxe1 dxc4 17. Bxc4 h6 18. Bh4 Qb6 19. Bxf6 Qxf6 20. Nd5 Qd8 21. Nb5 Be6 22. Nbc7 Rc8 23. Qf4 Bxd5 24. Nxd5 Ne6 25. Qg4 Bc5+ 26. Kh1 Bd4 27. b3 b5 28. Ne7+ Qxe7 29.
Rxe6 Qc7 30. Qxd4 bxc4 31. Re1 c3 32. Rc1 c2 33. Qd2 Rd8 34. Qe2 Qc3 35. h3 Rd2 36.
Qe8+ Kh7 37. Qe4+ g6 38. Kh2 Rxg2+ 39. Kxg2 Qd2+ 40. Kg3 Qxc1 41. Qc4 Qg1+ 42. Kf4 c1=Q+ 43. Qxc1 Qxc1+ 0-1

[Event "Early-Titled-Tuesday-Blitz-February-27-2024"]
[Site "Chess.com"]
[Date "2024.02.27"]
[Round "2"]
[White "Akewjon"]
[Black "GP9isback23"]
[Result "0-1"]
[WhiteElo "2816"]
[BlackElo "2582"]
[TimeControl "180+1"]
[EndTime "8:17:34 PST"]
[Termination "GP9isback23 won on time"]

1. e4 c6 2. d4 d5 3. exd5 cxd5 4.
Bd3 Nc6 5. c3 g6 6. Qc2 Nh6 7.
Nf3 Bf5 8. O-O Bxd3 9. Qxd3 Nf5 10. Re1 Bg7 11. Bf4 O-O 12. Nbd2 a6 13. h4 h5 14. g3 Rc8 15. Ne5 Nxe5 16. Bxe5 Bxe5 17. Rxe5 e6 18. a4 a5 19. Nb3 b6 20. Nd2 Qd7 21. Kg2 Rfe8 22. f3 Kg7 23. Nf1 Re7 24. Re2 f6 25.
Ne3 Nd6 26. Rae1 Rce8 27. Qc2 Nf5 28. Nd1 Qc7 29. f4 Nd6 30. Nf2 f5 31. Re5 Ne4 32.
Nxe4 dxe4 33. Qb3 Kh7 34. Rd1 Qc6 35. Qb5 Qc7 36. d5 exd5 37. Rexd5 e3 38. Re1 e2 39. Qd3 Qc6 40. Kf2 Re3 41. Qd4 R3e7 42. Rd6 Qc7 43.
Qxb6 Qc4 44. Rxg6 Qf7 45. Rd6 Qg7 46. Qd4 Qg4 47. Qf6 Rg7 0-1

[Event "Early-Titled-Tuesday-Blitz-February-27-2024"]
[Site "Chess.com"]
[Date "2024.02.27"]
[Round "2"]
[White "burbur555"]
[Black "IM_ArthurDW08"]
[Result "0-1"]
[WhiteElo "2565"]
[BlackElo "2826"]
[TimeControl "180+1"]
[EndTime "8:17:34 PST"]
[Termination "IM_ArthurDW08 won on time"]

1. d4 g6 2. e4 Bg7 3. g3 d5 4.
e5 c5 5. f4 cxd4 6. Nf3 Bg4 7.
h3 Bxf3 8. Qxf3 Nc6 9. Bg2 e6 10. O-O Nge7 11. Nd2 O-O 12. a3 Rc8 13. Nb3 Nf5 14. Qf2 Qb6 15. Re1 a5 16. g4 Ne3 17.
Bxe3 dxe3 18. Qxe3 d4 19. Qd3 a4 20. Nd2 Qxb2 21.
Rab1 Qc3 22. Ne4 Qxd3 23. cxd3 Ne7 24. Nf6+ Bxf6 25. exf6 Nd5 26. Bxd5 exd5 27. Rxb7 Rc3 28. Reb1 Rxd3 29. Rb8 Re3 30. Rxf8+ Kxf8 31. Rb8+ Re8 32. Rb4 d3 33. Rd4 Re3 34. Rxd5 Ke8 35.
Kg2 d2 36. Rxd2 Rxa3 37. Re2+ Kf8 38. Re7 h5 39. g5 h4 40. Ra7 Kg8 41. Ra8+ Kh7 42.
Rf8 Rg3+ 43. Kf2 a3 44. Rxf7+ Kg8 45. Rg7+ Kf8 46. Rxg6 a2 47. Rh6 a1=Q 48. Rxh4 Qg1+ 0-1

[Event "Early-Titled-Tuesday-Blitz-February-27-2024"]
[Site "Chess.com"]
[Date "2024.02.27"]
[Round "2"]
[White "Hongjin"]
[Black "LuisFSiles"]
[Result "1-0"]
[WhiteElo "2702"]
[BlackElo "2325"]
[TimeControl "180+1"]
[EndTime "8:17:35 PST"]
[Termination "Hongjin won on time"]

1. e4 c5 2. Be2 Nc6 3. f4 g6 4.
Nf3 Bg7 5. O-O d6 6. d3 Nf6 7. c3 O-O 8. Qe1 c4 9. Nbd2 cxd3 10. Bxd3 Nd7 11. Bc2 e6 12. Nb3 Nb6 13. Qe2 a5 14.
Be3 a4 15. Nbd4 a3 16. b3 d5 17. Nxc6 bxc6 18. e5 Nd7 19. Bd3 f6 20. exf6 Bxf6 21. Bd4 Bxd4+ 22. Nxd4 Nc5 23. Rf3 Bd7 24. b4 Nxd3 25.
Qxd3 Qf6 26. Re1 Rfc8 27. Nb3 Qf5 28. Nc5 Qxd3 29. Rxd3 Ra7 30. Nxd7 Rxd7 31. Rxe6 c5 32. b5 c4 33. Rd4 Rb8 34. b6 Rdb7 35. Rxd5 Rxb6 36.
Re7 Rb2 37. Rdd7 Rxa2 38. Rg7+ Kh8 39. Rxh7+ Kg8 40. h4 Rbb2 41. Rdg7+ Kf8 42. Rxg6 Ra1+ 43. Kh2 a2 44. Ra6 Kg8 45. Rc7 1-0

[Event "Early-Titled-Tuesday-Blitz-February-27-2024"]
[Site "Chess.com"]
[Date "2024.02.27"]
[Round "2"]
[White "ExtremeLearner"]
[Black "Vse_po_kaify"]
[Result "0-1"]
[WhiteElo "2549"]
[BlackElo "2189"]
[TimeControl "180+1"]
[EndTime "8:17:35 PST"]
[Termination "Vse_po_kaify won by resignation"]

1. e4 c5 2. Nc3 Nc6 3. Bb5 e5 4. d3 Nge7 5. Nf3 g6 6. h4 h6 7. a3 Bg7 8. Be3 d6 9. Nd5 O-O 10. Qd2 Kh7 11. h5 g5 12. Bxg5 f6 13. Be3 Nxd5 14. exd5 Nd4 15. Bxd4 cxd4 16. c3 a6 17.
Ba4 f5 18. Bc2 b5 19. O-O Bb7 20. cxd4 exd4 21. Qf4 Qf6 22. Bb3 Rae8 23. Rae1 a5 24. Nh4 Re5 25. Ng6 Rfe8 26. Nxe5 dxe5 27. Qg3 a4 28. Ba2 Qd6 29. Rc1 Kh8 30. Qg6 Rd8 31. Qxd6 Rxd6 32. Rc5 e4 33. Rxb5 Ba6 34. Rb8+ Kh7 35.
Rd1 Bxd3 36. Rc8 Be2 37. Rd2 d3 38. Rc6 Rd8 39. d6 Be5 40. Rc7+ Kh8 41. g3 Bxg3 42.
fxg3 e3 43. Rxe2 dxe2 44. Rc1 Rxd6 45. Kg2 Rd1 46. Rc8+ Kg7 47. Rc7+ Kf8 48. Rc8+ Ke7 49. Rc7+ Kd8 0-1

[Event "Early-Titled-Tuesday-Blitz-February-27-2024"]
[Site "Chess.com"]
[Date "2024.02.27"]
[Round "2"]
[White "Tonychess32"]
[Black "PavelShkapenko"]
[Result "0-1"]
[WhiteElo "2518"]
[BlackElo "2752"]
[TimeControl "180+1"]
[EndTime "8:17:36 PST"]
[Termination "PavelShkapenko won by resignation"]

1. c4 e5 2. e3 Nf6 3. Nc3 Bb4 4. Qb3 a5 5. a3 Bxc3 6. Qxc3 Nc6 7. d3 a4 8. Nf3 d6 9. Bd2 O-O 10. Qc2 Re8 11.
Be2 h6 12. h3 Bf5 13. e4 Bg6 14. O-O Bh5 15. Be3 Bxf3 16. Bxf3 Nd7 17. Bg4 Nc5 18. f4 Nb3 19. Rae1 Qh4 20. Qd1 Ncd4 21. Bf2 Qe7 22.
Bg3 c6 23. Rf2 Rf8 24. Ref1 b5 25. cxb5 cxb5 26. fxe5 dxe5 27. Bh5 f6 28. Bg6 Rac8 29. Qg4 Rc1 30. Rxc1 Nxc1 31. Qd1 Rc8 32. Kh2 Qe6 33.
Rd2 Ncb3 34. Rf2 Rc1 35. Qh5 Nc5 36. Bf5 Nxf5 37. exf5 Qf7 38. Qf3 Kh7 39. Rd2 Nb3 40.
Re2 Nd4 41. Qe3 Nxe2 42. Qxe2 Qd5 43. Qg4 Rc2 44. Qg6+ Kh8 45. Qe8+ Qg8 46. Qxb5 Qa8 47. Bf2 Rxf2 48. Qc6 Qxc6 0-1

[Event "Early-Titled-Tuesday-Blitz-February-27-2024"]
[Site "Chess.com"]
[Date "2024.02.27"]
[Round "2"]
[White "Chemim21"]
[Black "AsaHoffmann"]
[Result "1-0"]
[WhiteElo "2217"]
[BlackElo "2473"]
[TimeControl "180+1"]
[EndTime "8:17:36 PST"]
[Termination "Chemim21 won by checkmate"]

1. e4 d6 2. d4 Nf6 3. Nc3 c6 4.
f4 Qa5 5. Bd3 e5 6. Nf3 exd4 7.
Nxd4 Qb6 8. Nf3 Be7 9. Qe2 O-O 10.
Qf2 d5 11. Qxb6 axb6 12. e5 Ne8 13. Be3 b5 14. O-O Nd7 15. a3 Bc5 16. Bxc5 Nxc5 17. Nd4 Nxd3 18. cxd3 Nc7 19. f5 Re8 20. Rae1 Bd7 21.
Nb3 b6 22. d4 Na6 23. Nd2 b4 24. axb4 Nxb4 25. g4 Nc2 26. Nf3 Nxe1 27. Rxe1 b5 28. Kf2 b4 29. Ne2 Ra2 30. Rb1 h6 31. Nc1 Ra4 32.
Nd3 Rea8 33. Nc5 R4a7 34. e6 fxe6 35. Ne5 Be8 36. fxe6 Ra1 37. Rxa1 Rxa1 38. Ned3 Kf8 39. Nxb4 Rd1 40. Nbd3 Ke7 41. h4 g5 42. hxg5 hxg5 43. Ke2 Rg1 44. Kf3 Bg6 45. Ne5 Be4+ 46. Kf2 Rb1 47.
Nxc6+ Ke8 48. b4 Rb2+ 49. Ke3 Rg2 50. Nxe4 dxe4 51. Kxe4 Rxg4+ 52. Kf5 Rg1 53. d5 g4 54. d6 Rd1 55. d7+ Rxd7 56. exd7+ Kxd7 57. Ne5+ Kd6 58.
Nxg4 Kd5 59. Ne5 Kd6 60. Nd3 Kd5 61. Kf4 Kc4 62. Ke3 Kb5 63. Kd4 Kc6 64. Kc4 Kb6 65.
b5 Kc7 66. Nb4 Kb7 67. Nd5 Kb8 68. Kc5 Kb7 69. b6 Ka6 70. Kc6 Ka5 71. b7 Ka4 72.
b8=Q Ka3 73. Qb1 Ka4 74. Qb4# 1-0